 Dungeon Sprint DCSS version 0.20.1-1-g8b1a95d (webtiles) character file.

78 suicidejoker the Covert (level 4, -3/21 HPs)
             Began as a Spriggan Enchanter on Sept 5, 2017.
             Slain by a water elemental (13 damage)
             ... in the Dungeon (Sprint III: "The Ten Rune Challenge").
             The game lasted 00:01:43 (293 turns).

suicidejoker the Covert (Spriggan Enchanter)         Turns: 293, Time: 00:01:43

Health: -3/21      AC:  2    Str:  5    XL:     4   Next: 15%
Magic:  11/11      EV: 19    Int: 16    God:
Gold:   11         SH:  0    Dex: 16    Spells: 10/11 levels left

rFire    . . .     SeeInvis +   a - +1 dagger
rCold    . . .     Gourm    .   (shield restricted)
rNeg     . . .     Faith    .   b - +0 robe
rPois    .         Spirit   .   (helmet restricted)
rElec    .         Reflect  .   (no cloak)
rCorr    .         Harm     .   (gloves unavailable)
MR       .....     NoTele   +   (boots unavailable)
Stlth    +++++.....             (no amulet)
Regen    0.1/turn               (no ring)
MPRegen  0.2/turn               (no ring)

@: hasted, very quick
A: unfitting armour, see invisible, herbivore 3, speed 3, slow metabolism 2
a: no special abilities


You were in the Dungeon.
You were not hungry.

You visited 1 branch You collected 11 gold pieces.

Inventory:

Hand Weapons
 a - a +1 dagger (weapon)
Armour
 b - a +0 robe (worn)
Scrolls
 j - a scroll of blinking
Potions
 e - 2 potions of curing
 h - 2 potions of magic
Books
 c - a book of Maledictions

   Spells                             Type                      Level
   a - Corona                         Hexes                        1
   b - Ensorcelled Hibernation        Hexes/Ice                    2
   c - Confuse                        Hexes                        3
   d - Tukima's Dance                 Hexes                        3
   e - Dazzling Spray                 Conjuration/Hexes            3
Comestibles
 d - a bread ration


   Skills:
 + Level 1.3 Short Blades
 + Level 3.9 Dodging
 * Level 10.7 Stealth
 + Level 4.2 Spellcasting
 + Level 5.8 Hexes


You had 10 spell levels left.
You knew the following spells:

 Your Spells              Type           Power        Failure   Level  Hunger
a - Corona                Hex            ###....      1%          1    None


Dungeon Overview and Level Annotations

Branches:
Dungeon (1/1)

Altars:


Innate Abilities, Weirdness & Mutations

You are very small and have problems with some larger weapons.
You are too small for most types of armour.
You have supernaturally acute eyesight. (SInv)
You are a herbivore.
You cover ground extremely quickly.
You need consume almost no food.


Message History

You hit the water elemental but do no damage.
The water elemental is lightly damaged.
You hit the water elemental.
The water elemental is moderately damaged.
The water elemental completely misses you.
You closely miss the water elemental.
The water elemental is moderately damaged.
You hit the water elemental.
The water elemental is moderately damaged.
The water elemental completely misses you.
You hit the water elemental.
The water elemental is heavily damaged.
The water elemental completely misses you.
You hit the water elemental but do no damage.
The water elemental is heavily damaged.
You hit the water elemental.
The water elemental is heavily damaged.
The water elemental hits you!
Ouch! That really hurt!
You die...

▓▓▓▓▓▓▓ ▓▓▓ ..#...####
##.# ..#..†...## #..#
.##.......# #..#
#.##.##...# #..###+#+##
#.##.###..# +#..#.......
.####.##..# #...@E⌠.....
###†.##..####...#...####
.....##..###....#.⌠.#
##..##†..##.....#...#
#..##....#......#+###
..###..##.#.....# ..#
#..#####....# ▓▓▓ ▓▓▓▓
▓▓▓▓▓▓


You could see a water elemental.

Vanquished Creatures
  A scorpion (D)
  A human (D)
  An ooze (D)
  3 rats (D)
6 creatures vanquished.

Vanquished Creatures (others)
  2 draconian scorchers (D)
  6 hellions (D)
  A yaktaur (D)
9 creatures vanquished.

Grand Total: 15 creatures vanquished

Notes
Turn   | Place    | Note
-------+----------+-------------------------------------------
     0 | D        | suicidejoker the Spriggan Enchanter began the quest for the Orb.
     0 | D        | Reached XP level 1. HP: 9/9 MP: 5/5
     9 | D        | Reached skill level 5 in Stealth
    30 | D        | Reached skill level 6 in Stealth
    43 | D        | Noticed a scorpion
    51 | D        | Killed a scorpion
    51 | D        | Reached skill level 10 in Stealth
    51 | D        | Reached skill level 5 in Hexes
    51 | D        | Reached XP level 2. HP: 13/13 MP: 6/8
    51 | D        | Reached XP level 3. HP: 16/16 MP: 6/9
    73 | D        | Reached XP level 4. HP: 8/21 MP: 9/11
    92 | D        | Killed a yaktaur
   101 | D        | Killed a hellion
   118 | D        | Killed a hellion
   123 | D        | Killed a hellion
   160 | D        | Killed a white draconian scorcher
   160 | D        | Killed a white draconian scorcher
   174 | D        | Killed a hellion
   184 | D        | Killed a hellion
   269 | D        | Noticed a water elemental
   290 | D        | Killed a hellion
   293 | D        | Slain by a water elemental

Skill      XL: |  1 |
---------------+----+-----
Stealth        | 10 | 10.7
Spellcasting   | 4 |  4.2
Hexes          | 5 |  5.8
Short Blades   | |  1.3
Dodging        | |  3.9

Action                   |  1- 3 |  4- 6 || total
-------------------------+-------+-------++-------
Melee: Dagger            |    27 |    22 ||    49
  Use: Potion            |     2 |     1 ||     3
 Stab: Sleeping          |     5 |       ||     5
Armor: Robe              |     2 |       ||     2
Dodge: Dodged            |    13 |    13 ||    26
